 Dungeon Crawl Stone Soup version 0.19.4 (webtiles) character file.

51 sveltemanboy the Charmwright (level 3, 0/24 HPs)
             Began as a High Elf Skald on Feb 3, 2017.
             Killed from afar by Natasha (5 damage)
             ... with a magic dart
             ... on level 2 of the Dungeon.
             The game lasted 00:04:48 (1459 turns).

sveltemanboy the Charmwright (High Elf Skald)       Turns: 1459, Time: 00:04:49

Health: 0/24       AC:  6    Str: 11    XL:     3   Next: 58%
Magic:  5/7        EV: 16    Int: 16    God:
Gold:   60         SH:  0    Dex: 15    Spells: 3 memorised, 1 level left

rFire  + . .     SeeInvis .     a - +0 falchion
rCold  . . .     Gourm    .     k - +0 ring mail
rNeg   . . .     Faith    .     (no shield)
rPois  .         Spirit   .     (no helmet)
rElec  .         Reflect  .     (no cloak)
rCorr  .         Harm     .     n - +0 pair of gloves
MR     .....                    (no boots)
Stlth  +.........               (no amulet)
                                j - +5 ring of evasion
                                g - ring of protection from fire

@: singing (expiring), very slightly contaminated
A: no striking features
a: Stop Singing


You were on level 2 of the Dungeon.
You were not hungry.

You visited 1 branch of the dungeon, and saw 2 of its levels.

You collected 60 gold pieces.

Inventory:

Hand Weapons
 a - a +0 falchion (weapon)
Armour
 k - a +0 ring mail (worn)
 n - a +0 pair of gloves (worn)
Jewellery
 g - a ring of protection from fire (left hand)
 i - an uncursed ring of protection from cold
 j - a +5 ring of evasion (right hand)
Scrolls
 e - 2 scrolls of amnesia {unknown}
 m - a scroll of recharging {unknown}
 o - a scroll of remove curse {unknown}
Books
 c - a book of Battle

   Spells                             Type                      Level
   a - Infusion                       Charms                       1
   b - Shroud of Golubria             Charms/Translocation         2
   c - Song of Slaying                Charms                       2
   d - Spectral Weapon                Hexes/Charms                 3
   e - Regeneration                   Charms/Necromancy            3
Comestibles
 b - a chunk of flesh
 d - 3 bread rations
 f - a slice of pizza
 h - 7 fruits
 l - 4 meat rations


   Skills:
 - Level 2.0 Fighting
 + Level 3.4 Long Blades
 + Level 1.5 Armour
 - Level 2.0 Dodging
 - Level 2.4 Spellcasting
 - Level 4.0 Charms
 + Level 0.7 Translocations


You had one spell level left.
You knew the following spells:

 Your Spells              Type           Power        Failure   Level  Hunger
a - Infusion              Chrm           ##..         12%         1    #......
b - Song of Slaying       Chrm           ##......     14%         2    ###....
c - Shroud of Golubria    Chrm/Tloc      #.........   34%         2    ###....


Dungeon Overview and Level Annotations

Branches:
Dungeon (2/15)

Altars:

Annotations:
D:2 Natasha, Sigmund


Message History

The shadow imp is almost dead.
The shadow imp hits you but does no damage.
You completely miss the shadow imp.
The shadow imp is almost dead.
The shadow imp completely misses you.
You barely miss the shadow imp.
The shadow imp is almost dead.
The white imp gestures at you. The puff of frost hits you!
* * * LOW HITPOINT WARNING * * *
The shadow imp closely misses you.
Unknown command.
You see here 17 sling bullets.
The shadow imp disappears in a puff of smoke!
Natasha stares at you and mumbles some strange words.
You resist with some effort.
Your song is almost over.
Natasha stares at you and mumbles some strange words.
The magic dart hits you!
You die...

#.####.####.##....###
#.# #.####>.#...##
#.# #.##...#.#.##
#.####.##.####.##
#......##.# .#
#<.######.# #
###..######.####.#
..................#
..#...##@##..######
.......##.##..# .
.#...##.##....
.##...##.##[.###
###...##h##..#
....!..#5##..#
#...........#
##.##.#.##.## #5#.# #


You could see Natasha and a white imp.

Vanquished Creatures
  An adder (D:2)
  An ooze (D:1)
  A dart slug (D:1)
  A leopard gecko (D:1)
  6 bats
  6 goblins
  9 hobgoblins
  5 frilled lizards
  A kobold (D:1)
  2 rats
33 creatures vanquished.

Notes
Turn   | Place    | Note
-------+----------+-------------------------------------------
     0 | D:1      | sveltemanboy the High Elf Skald began the quest for the Orb.
     0 | D:1      | Reached XP level 1. HP: 14/14 MP: 4/4
   347 | D:1      | Reached skill level 1 in Armour
   399 | D:1      | Reached XP level 2. HP: 9/19 MP: 3/6
   573 | D:1      | Learned a level 2 spell: Song of Slaying
   576 | D:1      | Learned a level 2 spell: Shroud of Golubria
   739 | D:1      | Reached skill level 4 in Charms
   938 | D:1      | Reached XP level 3. HP: 24/24 MP: 7/7
  1336 | D:2      | Noticed Sigmund
  1438 | D:2      | Noticed Natasha
  1459 | D:2      | Killed from afar by Natasha

Skill      XL: |  1  2  3 |
---------------+----------+-----
Armour         | 1 |  1.5
Long Blades    | 3 |  3.4
Charms         | 4 |  4.0
Dodging        | 2 |  2.0
Fighting       | |  2.0
Spellcasting   | |  2.4
Translocations | |  0.7

Action                   || total
-------------------------++-------
Melee: Falchion          ||   113
 Cast: Infusion          ||     4
       Song of Slaying   ||     3
       Shroud of Golubri ||     1
  Use: Potion            ||     1
  Eat: Chunk             ||     2
Armor: Leather armour    ||     3
       Ring mail         ||    14
Dodge: Dodged            ||    84
       Rpst.: Falchion   ||    21
